 Dungeon Sprint DCSS version 0.22.1-1-ga44c0e56f4 (webtiles) character file.

1717 MuseOD the Impaler (level 9, 0/124 (126) HPs)
             Began as a Merfolk Berserker on Oct 7, 2018.
             Was an Elder of Trog.
             Slain by a death drake (4 damage)
             ... in the Dungeon (Sprint II: "The Violet Keep of Menkaure").
             The game lasted 00:01:37 (611 turns).

MuseOD the Impaler (Merfolk Berserker)               Turns: 611, Time: 00:01:37

HP:   0/124 (126)   AC:  2    Str: 25    XL:     9   Next: 4%
MP:   3/3           EV: 18    Int:  5    God:    Trog [****..]
Gold: 1053          SH:  0    Dex: 13    Spells: 8/8 levels left

rFire    . . .     SeeInvis .   k - +4 glaive (antimagic)
rCold    . . .     Gourm    .   (shield currently unavailable)
rNeg     . . .     Faith    .   b - +0 animal skin
rPois    .         Spirit   .   (no helmet)
rElec    .         Reflect  .   (no cloak)
rCorr    .         Harm     .   (no gloves)
MR       ++...     NoTele   +   (no boots)
Stlth    ..........             (no amulet)
HPRegen  1.30/turn              (no ring)
MPRegen  0.08/turn              (no ring)

@: confused, berserking, lethally poisoned (0 -> -9), regenerating, very quick
A: change form in water, swift swim, stealthy swim, dopey 1
a: Berserk, Trog's Hand, Brothers in Arms, Renounce Religion


You were in the Dungeon.
You worshipped Trog.
Trog was greatly pleased with you.
You were near starving.

You visited 1 branch You collected 1053 gold pieces.

Inventory:

Hand Weapons
 a - a +0 spear
 k - a +4 antimagic glaive (weapon)
Armour
 b - a +0 animal skin (worn)
Scrolls
 i - a scroll of blinking
Potions
 e - a potion of heal wounds
 f - a potion of haste
 g - 2 potions of magic
 h - a potion of berserk rage
Comestibles
 c - a ration
 j - a chunk of flesh


   Skills:
 + Level 12.8 Fighting
 + Level 17.5 Polearms
 + Level 4.4 Armour
 + Level 9.8 Dodging
 + Level 0.8 Stealth


You had 8 spell levels left.
You didn't know any spells.
Your spell library was empty.

Dungeon Overview and Level Annotations

Branches:
Dungeon (1/1)

Altars:
Cheibriados
Dithmenos
Elyvilon
Fedhas
Gozag
Kikubaaqudgha
Makhleb
Nemelex Xobeh
Okawaru
Sif Muna
Trog
Uskayaw
Vehumet
Zin
Beogh
Jiyva
Lugonu


Innate Abilities, Weirdness & Mutations

You revert to your normal form in water.
You are very nimble and swift while swimming.
You are very stealthy in the water. (Stealth+)
You are dopey. (Int -2)


Message History

The foul vapour engulfs you!
You are more poisoned.
You feel your flesh rotting away!
* * * LOW HITPOINT WARNING * * *
The swamp drake bites you!
* * * LOW HITPOINT WARNING * * *
You miss the death drake.
The death drake is lightly wounded.
* * * LOW HITPOINT WARNING * * *
You feel sick. The death drake bites you.
* * * LOW HITPOINT WARNING * * *
The swamp drake breathes noxious fumes at you.
The noxious blast engulfs the swamp drake.
The swamp drake appears unharmed.
The swamp drake roars!
You bump into the stone wall.
You are engulfed in noxious fumes.
You choke on the stench!
You are more confused.
* * * LOW HITPOINT WARNING * * *
You feel sick. The death drake bites you.
You die...

... ## .. .# ##+## #. .#
#.#.##.#### +.##. ..#..#
...# ...#### ##.#####..##
#§§##.# ##'###.##..#
+§k#..# ##.##...#..#
#kk#..#
'.<.'.##+..####k@##)#
##.####.#....###.(.##▓▓
##†###.##......≈≈†≈≈≈≈≈≈≈≈
#...####≈≈.....≈#+########
..#..#≈≈≈≈≈≈(§.≈#....._._#
#. .##≈≈≈≈§≈≈§.≈#...._._.#
## ##≈≈≈≈§≈≈≈≈§≈#..._._._#
≈≈≈≈≈≈§≈≈§≈≈≈#.._._._.#
+++#≈≈§§§≈§≈≈#._._._._#


You could see 2 death drakes and 2 swamp drakes.

Vanquished Creatures
  A yaktaur (D)
  A polar bear (D)
  A hornet (D)
  4 neqoxecs (D)
  4 necrophages (D)
  4 worker ants (D)
  3 worms (D)
18 creatures vanquished.

Vanquished Creatures (collateral kills)
  2 polar bears (D)
2 creatures vanquished.

Vanquished Creatures (others)
  A crocodile (D)
1 creature vanquished.

Grand Total: 21 creatures vanquished

Notes
Turn   | Place    | Note
-------+----------+-------------------------------------------
     0 | D        | MuseOD the Merfolk Berserker began the quest for the Orb.
     0 | D        | Reached XP level 1. HP: 18/18 MP: 1/1
     6 | D        | Noticed a worker ant
     6 | D        | Noticed a worker ant
     9 | D        | Killed a worker ant
     9 | D        | Reached skill level 5 in Fighting
     9 | D        | Reached skill level 6 in Polearms
     9 | D        | Reached XP level 2. HP: 27/27 MP: 2/2
    13 | D        | Reached skill level 7 in Polearms
    13 | D        | Reached XP level 3. HP: 34/34 MP: 3/3
    20 | D        | Reached ** piety under Trog
    20 | D        | Reached skill level 8 in Polearms
    20 | D        | Reached XP level 4. HP: 36/40 MP: 4/4
    23 | D        | Reached skill level 9 in Polearms
    61 | D        | Killed a crocodile
   159 | D        | Noticed a necrophage
   159 | D        | Noticed a necrophage
   159 | D        | Noticed a necrophage
   159 | D        | Noticed a necrophage
   166 | D        | Killed a necrophage
   166 | D        | Reached skill level 10 in Polearms
   166 | D        | Reached skill level 5 in Dodging
   166 | D        | Reached XP level 5. HP: 49/49 MP: 5/5
   171 | D        | Killed a necrophage
   171 | D        | Reached skill level 11 in Polearms
   171 | D        | Reached XP level 6. HP: 57/57 MP: 6/6
   176 | D        | Killed a necrophage
   176 | D        | Reached *** piety under Trog
   176 | D        | Reached skill level 12 in Polearms
   182 | D        | Killed a necrophage
   182 | D        | Reached skill level 10 in Fighting
   182 | D        | Reached skill level 13 in Polearms
   182 | D        | Reached XP level 7. HP: 64/64 MP: 7/7
   272 | D        | Noticed a neqoxec
   277 | D        | Killed a neqoxec
   277 | D        | Reached skill level 14 in Polearms
   280 | D        | Noticed a neqoxec
   281 | D        | Noticed a neqoxec
   281 | D        | Noticed a neqoxec
   288 | D        | Killed a neqoxec
   288 | D        | Reached **** piety under Trog
   297 | D        | Killed a neqoxec
   297 | D        | Reached skill level 15 in Polearms
   299 | D        | Gained mutation: You are dopey. (Int -2) [a neqoxec]
   301 | D        | Killed a neqoxec
   301 | D        | Reached XP level 8. HP: 73/73 MP: 8/8
   389 | D        | Reached ***** piety under Trog
   398 | D        | Found a roughly hewn altar of Beogh.
   398 | D        | Found a snail-covered altar of Cheibriados.
   399 | D        | Found a shadowy altar of Dithmenos.
   399 | D        | Found a viscous altar of Jiyva.
   400 | D        | Found a white marble altar of Elyvilon.
   400 | D        | Found an ancient bone altar of Kikubaaqudgha.
   401 | D        | Found a blossoming altar of Fedhas.
   401 | D        | Found a corrupted altar of Lugonu.
   401 | D        | Found a deep blue altar of Sif Muna.
   402 | D        | Found an opulent altar of Gozag.
   402 | D        | Found a burning altar of Makhleb.
   402 | D        | Found a bloodstained altar of Trog.
   403 | D        | Found a sparkling altar of Nemelex Xobeh.
   403 | D        | Found a hide-covered altar of Uskayaw.
   404 | D        | Found an iron altar of Okawaru.
   404 | D        | Found a radiant altar of Vehumet.
   404 | D        | Found a glowing silver altar of Zin.
   405 | D        | Noticed a yaktaur
   405 | D        | Noticed a hornet
   405 | D        | Noticed a polar bear
   405 | D        | Noticed a polar bear
   409 | D        | Killed a polar bear
   409 | D        | Reached skill level 16 in Polearms
   413 | D        | Killed a polar bear
   415 | D        | Noticed a polar bear
   418 | D        | Killed a hornet
   425 | D        | Killed a yaktaur
   425 | D        | Reached skill level 17 in Polearms
   435 | D        | Killed a polar bear
   435 | D        | Received a gift from Trog
   435 | D        | Reached XP level 9. HP: 64/82 MP: 9/9
   594 | D        | Noticed a death drake
   596 | D        | Noticed a death drake
   610 | D        | HP: 5/124 [death drake (3)]
   611 | D        | Slain by a death drake

Skill      XL: |  1  2  3  4  5  6  7  8 |
---------------+-------------------------+-----
Fighting       | 5 6 7 8 10 11 12 | 12.8
Polearms       | 6 7 8 10 11 13 15 17 | 17.5
Dodging        | 3 4 5 6 7 8 9 |  9.8
Armour         | 2 3 4 |  4.4
Stealth        | |  0.8

Action                   |  1- 3 |  4- 6 |  7- 9 || total
-------------------------+-------+-------+-------++-------
Melee: Spear             |    11 |    25 |    60 ||    96
       Glaive            |       |       |     5 ||     5
Invok: Berserk           |     1 |     1 |     3 ||     5
       Brothers in Arms  |       |       |     2 ||     2
       Trog's Hand       |       |       |     1 ||     1
  Use: Potion            |       |       |     1 ||     1
  Eat: Chunk             |       |       |     3 ||     3
Armor: Animal skin       |       |       |     4 ||     4
Dodge: Dodged            |     4 |     3 |    29 ||    36
